Map: Iron Fortress LE

Players

Wintersc2 (Winter) - Winner!

  • Race: Zerg Zerg
  • Spawn Location: 7:00

Harstem

  • Race: Zerg Zerg
  • Spawn Location: 5:00

VOD

Have the link to the VOD?

Description

Time

  • Played on: April 2, 2015, 7:37 a.m.
  • Length: 5:30
Show
View Real Time Build Order
Export as new Build Order

Wintersc2 Zerg - Winner!

Build Orders: Hatch First, Ravager All-In 

Get SALT Encoding   

  12  0:00  Drone  
  13  0:19  Overlord  
  13  0:22  Drone  
  14  0:38  Drone x2  
  14  0:42  Drone  
  17  0:53  Drone  
  18  1:03  Drone  
  19  1:06  Hatchery  
  18  1:17  Drone  
  19  1:21  Extractor  
  19  1:22  Spawning Pool  
  19  1:24  Drone  
  18  1:52  Drone x2  
  20  2:08  Queen  
  20  2:11  Overlord x2  
  20  2:12  Roach Warren  
  21  2:17  Extractor  
  21  2:21  Queen  
  22  2:24  Zergling x4  
  22  2:26  Metabolic Boost  
  24  2:38  Drone x2  
  24  2:41  Drone x2  
  28  2:51  Overlord  
  27  3:07  Roach  
  27  3:08  Roach x2  
  27  3:12  Drone  
  34  3:13  Drone  
  34  3:25  Roach x3  
  39  3:28  Ravager  
  39  3:29  Ravager  
  39  3:33  Roach  
  43  3:38  Drone  
  44  3:42  Roach  
  44  3:45  Roach  
  48  3:55  Overlord  
  48  3:58  Ravager  
  48  4:01  Zergling x2  
  48  4:02  Zergling x4  
  52  4:22  Ravager  
  53  4:24  Zergling x2  
  53  4:25  Zergling x12  
  60  4:39  Overlord x2  
  60  4:57  Ravager x2  
  46  5:21  Ravager  
  46  5:22  Ravager  
Show
View Real Time Build Order
Export as new Build Order

Harstem Zerg 

Build Orders: Hatch First 

Get SALT Encoding   

  12  0:01  Drone  
  13  0:12  Overlord  
  13  0:19  Drone  
  14  0:32  Drone x2  
  16  0:37  Drone  
  17  0:54  Hatchery  
  17  0:55  Drone  
  17  0:58  Extractor  
  17  1:01  Drone  
  18  1:13  Spawning Pool  
  18  1:17  Drone  
  18  1:23  Drone  
  19  1:28  Overlord  
  19  1:52  Drone x2  
  21  2:01  Queen  
  21  2:02  Zergling x2  
  24  2:13  Drone x2, Queen  
  28  2:24  Drone x2  
  28  2:29  Drone  
  31  2:33  Drone  
  31  2:35  Extractor  
  31  2:37  Queen  
  31  2:39  Extractor  
  31  2:40  Overlord  
  32  2:48  Queen  
  34  2:52  Spine Crawler  
  33  3:11  Drone x9  
  33  3:12  Drone  
  40  3:27  Overlord  
  40  3:30  Drone x2  
  40  3:31  Drone  
  43  3:34  Evolution Chamber  
  43  3:36  Evolution Chamber  
  41  3:43  Lair  
  41  3:44  Roach Warren  
  41  3:45  Drone  
  41  3:46  Drone x2  
  41  3:48  Extractor  
  42  3:52  Zergling x4  
  42  3:54  Queen  
  46  4:01  Zergling x8  
  49  4:20  Overlord x2  
  49  4:23  Roach  
  51  4:30  Roach  
  50  4:40  Roach x3  
  55  4:47  Zergling x14  
  55  4:52  Zergling x2  
  50  5:12  Zergling x8  
  50  5:13  Zergling x6  
Tags
 
Add a new tag
Caveats
  • Supply blocks, unpowered buildings, or Contaminate may cause inaccurate times.
  • Supply counts are checked every 10 seconds.